 Dungeon Crawl Stone Soup version 0.29.1-15-g9cfb28693d (webtiles) character file.

Game seed: 3323712364006989365

7 protoss039 the Digger (level 1, 0/14 HPs)
             Began as a Demonspawn Earth Elementalist on Apr 1, 2023.
             Slain by a kobold
             ... wielding a +0 club
              (4 damage)
             ... on level 1 of the Dungeon.
             The game lasted 00:00:27 (332 turns).

protoss039 the Digger (DsEE)                         Turns: 332, Time: 00:00:27

Health: 0/14       AC:  2    Str:  8    XL:     1   Next: 91%
Magic:  0/3        EV: 12    Int: 16    God:
Gold:   0          SH:  0    Dex: 13    Spells: 3/4 levels left

rFire   . . .      SeeInvis .   e - +0 spear
rCold   . . .      Faith    .   (no shield)
rNeg    . . .      Spirit   .   a - +0 robe
rPois   .          Reflect  .   (no helmet)
rElec   .          Harm     .   (no cloak)
rCorr   .          Rampage  .   (no gloves)
Will    .....                   (no boots)
Stlth   ++........              (no amulet)
HPRegen 0.04/turn               (no ring)
MPRegen 0.08/turn               (no ring)

@: no status effects
A: no striking features
a: no special abilities


You were on level 1 of the Dungeon.
You visited 1 branch of the dungeon, and saw 1 of its levels.

Inventory:

Hand Weapons
 e - a +0 spear (weapon)
Armour
 a - a +0 robe (worn)
Scrolls
 d - a scroll of identify {unknown}
Potions
 b - a potion of magic
 c - a potion of lignification {unknown}


   Skills:
 + Level 0.7 Fighting
 - Level 1.7 Dodging
 - Level 1.7 Stealth
 + Level 2.2 Spellcasting
 - Level 0.8 Transmutations
 + Level 2.8 Earth Magic


You had 3 spell levels left.
You knew the following spells:

 Your Spells              Type           Power      Damage    Failure   Level
a - Sandblast             Erth           22%        2d7       6%          1

Your spell library contained the following spells:

 Spells                   Type           Power      Damage    Failure   Level
 Passwall                 Tmut/Erth      5%         N/A       14%         2
 Stone Arrow              Conj/Erth      12%        3d7       34%         3
 Petrify                  Tmut/Erth      7%         N/A       67%         4


Dungeon Overview and Level Annotations

Branches:
Dungeon (1/15) Zot: 5661

Altars:


Message History

The kobold closely misses you.
e - a +0 spear (weapon)
The kobold hits you with a +0 club.
You closely miss the kobold.
The kobold is moderately wounded.
The kobold closely misses you.
You hit the kobold but do no damage.
The kobold is moderately wounded.
The kobold hits you with a +0 club.
Unknown command.
You closely miss the kobold.
The kobold is moderately wounded.
The kobold hits you with a +0 club.
* * * LOW HITPOINT WARNING * * *
You are too injured to fight recklessly!
Unknown command.
Casting: Sandblast (safe; 6% risk of failure)
Confirm with . or Enter, or press ? or * to list all spells.
Aiming: Sandblast (safe; 6% risk of failure)
Press: ? - help, Shift-Dir - straight line, f/p - kobold
Aim: a kobold, wielding a +0 club (moderately wounded, 77% to hit)
The blast of sand misses the kobold.
The kobold barely misses you.
Unknown command.
Casting: Sandblast (safe; 6% risk of failure)
Confirm with . or Enter, or press ? or * to list all spells.
You don't have enough magic to cast this spell.
Unknown command.
Reach: e) +0 spear
Press: ? - help, Dir - move target, f/p - kobold
Aim: a kobold, wielding a +0 club (moderately wounded, about 49% to evade your +0 spear)
You closely miss the kobold.
The kobold is moderately wounded.
The kobold misses you.
Reach: e) +0 spear
Press: ? - help, Dir - move target, f/p - kobold
Aim: a kobold, wielding a +0 club (moderately wounded, about 49% to evade your +0 spear)
You hit the kobold but do no damage.
The kobold is moderately wounded.
The kobold hits you with a +0 club.
You die...

..........†........#...
#....?.........#......
#..........#.....##...
.
#..............#......
..#..........#.#..###
.. #.>..........#......
###...........##....#
.......K.......#.##.#
.......@.(...#....
.............##...
.............# ...
....#..........
....#.......... ...
#.......... .$
#..>......# ...........


You could see a kobold.

Vanquished Creatures
  2 endoplasms (D:1)
  A giant cockroach (D:1)
  2 ball pythons (D:1)
  A bat (D:1)
  2 rats (D:1)
8 creatures vanquished.

Notes
Turn   | Place    | Note
-------+----------+-------------------------------------------
     0 | D:1      | protoss039 the Demonspawn Earth Elementalist began the
                  | quest for the Orb.
     0 | D:1      | Reached XP level 1. HP: 13/13 MP: 3/3
   332 | D:1      | Slain by a kobold

Illustrated notes

Levels and vault maps discovered:
D:1:      matt_arrival_los_fun, layout_rooms, minmay_split_cup_large

Action                   || total
-------------------------++-------
Melee: Spear             ||     5
       Unarmed           ||     3
 Cast: Sandblast         ||    12
Armor: Robe              ||     1
Dodge: Dodged            ||    10
